 Dungeon Crawl Stone Soup version 0.17-a0-1139-g49cbdf8 (webtiles) character file.

331 Seriy500 the Skirmisher (level 6, 0/51 HPs)
             Began as a Human Fighter on May 26, 2015.
             Was an Initiate of Okawaru.
             Succumbed to poison (a potion of poison)
             ... on level 4 of the Dungeon.
             The game lasted 00:04:17 (2939 turns).

Seriy500 the Skirmisher (Human Fighter)             Turns: 2939, Time: 00:04:17

Health: 0/51       AC: -8    Str: 18    XL:     6   Next: 82%
Magic:  6/6        EV:  7    Int: 13    God:    Okawaru [......]
Gold:   160        SH:  9    Dex: 13    Spells: 0 memorised, 5 levels left

rFire  . . .     SeeInvis .     a - +0 war axe
rCold  . . .     Clarity  .     b - +0 scale mail
rNeg   + . .     SustAt   +     c - +0 shield
rPois  .         Gourm    .     (no helmet)
rElec  .         Spirit   .     (no cloak)
rCorr  .         Warding  +     (no gloves)
rMut   .         Stasis   .     (no boots)
MR     .....                    j - amulet of warding
Stlth  ..........               (no ring)
                                i - ring of sustain attributes

@: brilliant, lethally poisoned (0 -> -14), corroded equipment, not resistant to
hostile enchantments, extremely unstealthy
A: no striking features
a: Renounce Religion


You were on level 4 of the Dungeon.
You worshipped Okawaru.
Okawaru was noncommittal.
You were not hungry.

You visited 2 branches of the dungeon, and saw 5 of its levels.

You collected 160 gold pieces.

Inventory:

Hand weapons
 a - a +0 war axe (weapon)
Armour
 b - a +0 scale mail (worn)
 c - a +0 shield (worn)
Jewellery
 i - a ring of sustain attributes (left hand)
 j - an amulet of warding (around neck)
Scrolls
 f - a scroll of immolation {unknown}
 h - 8 scrolls of identify {unknown}
 o - 3 scrolls of remove curse {unknown}
 r - a scroll of fog {unknown}
 t - a scroll of enchant weapon {unknown}
Potions
 d - a potion of lignification {unknown}
 g - a potion of curing {unknown}
 l - a potion of flight {unknown}
 n - a potion of degeneration {unknown}
 p - 5 potions of brilliance
 q - a potion of ambrosia {unknown}
 s - a potion of agility {unknown}
Comestibles
 e - a bread ration
 m - a meat ration
 u - a chunk of flesh


   Skills:
 + Level 5.4 Fighting
 + Level 4.8 Axes
 - Level 3.0 Armour
 - Level 3.0 Shields


You had 5 spell levels left.
You didn't know any spells.

Dungeon Overview and Level Annotations

Branches:
Dungeon (4/15)             Temple (1/1) D:4

Altars:
Cheibriados
Dithmenos
Makhleb
Okawaru
Ru
Sif Muna
Trog
Vehumet
Xom


Message History

The jelly hits you.
You are splashed with acid!
The acid corrodes your equipment!
The acid burns!
* * * LOW HITPOINT WARNING * * *
The jelly hits you.
* * * LOW HITPOINT WARNING * * *
You are splashed with acid!
The acid corrodes your equipment!
The acid burns!
* * * LOW HITPOINT WARNING * * *
You hit the jelly.
Your hands burn!
* * * LOW HITPOINT WARNING * * *
The jelly is almost dead.
You block the jelly's attack.
Drink which item? (? for menu, Esc to quit)
It was a potion of brilliance.
You feel clever all of a sudden. The jelly closely misses you.
Drink which item? (? for menu, Esc to quit)
It was a potion of poison.
That liquid tasted very nasty...
You are lethally poisoned!
You die...

##########
#.@J......
#####.#########
#...#.#.......#
#.....#.......#
#...######....#
####...######.##.#
...............##.#
#####...######.##.#
# #...........#.#.#


You could see a jelly.

Vanquished Creatures
  An ogre (D:4)
  A hound skeleton (D:4)
  Robin (D:2)
  7 adders
  3 gnolls (D:3)
  4 oozes
  4 worms (D:2)
  An orc (D:3)
  7 giant cockroaches
  15 goblins
  7 hobgoblins
  10 jackals
  3 quokkas
  A ball python (D:2)
  5 bats
  4 giant geckos
  4 giant newts
  9 kobolds
  11 rats
98 creatures vanquished.

Notes
Turn   | Place    | Note
--------------------------------------------------------------
     0 | D:1      | Seriy500 the Human Fighter began the quest for the Orb.
     0 | D:1      | Reached XP level 1. HP: 18/18 MP: 1/1
   111 | D:1      | Reached XP level 2. HP: 22/24 MP: 2/2
   284 | D:1      | Reached XP level 3. HP: 29/29 MP: 3/3
   844 | D:2      | Reached skill level 4 in Fighting
   858 | D:2      | Reached XP level 4. HP: 35/37 MP: 4/4
   955 | D:2      | Found a sacrificial altar of Ru.
  1074 | D:2      | Noticed Robin
  1109 | D:2      | Killed Robin
  1635 | D:3      | Reached XP level 5. HP: 39/43 MP: 5/5
  2292 | D:3      | Reached XP level 6. HP: 44/50 MP: 6/6
  2446 | D:3      | Found a burning altar of Makhleb.
  2446 | D:3      | Noticed a balrug
  2487 | D:4      | Reached skill level 5 in Fighting
  2669 | D:4      | Found a staircase to the Ecumenical Temple.
  2681 | Temple   | Entered the Ecumenical Temple
  2697 | Temple   | Became a worshipper of Warmaster Okawaru
  2937 | D:4      | HP: 2/51 [acid (5)]
  2939 | D:4      | Succumbed to poison (a potion of poison)

Vault maps used:
D:1:      lightli_arrival_statue_moat
D:2:      hangedman_ru_absence, first_bread, uniq_robin
D:3:      makhleb_altar_promises_db
D:4:      temple_pool_b, uniq_sigmund
Temple:   triangle_lava_temple_12

Action                   |  1- 3 |  4- 6 || total
-------------------------+-------+-------++-------
Melee: War axe           |    79 |   229 ||   308
  Use: Potion            |       |     3 ||     3
  Eat: Chunk             |       |     3 ||     3
       Bread ration      |       |     1 ||     1
